 Dungeon Crawl Stone Soup version 0.30-a0-585-g93115170b9 (webtiles) character file.

Game seed: 9961294412255909071

121 bande the Shield-Bearer (level 5, 0/33 HPs)
             Began as a Gargoyle Fighter on Jan 3, 2023.
             Slain by Sigmund
             ... wielding a +0 scythe
              (2 damage)
             ... on level 4 of the Dungeon.
             The game lasted 00:03:08 (2449 turns).

bande the Shield-Bearer (Gargoyle Fighter)          Turns: 2449, Time: 00:03:09

Health: 0/33       AC: 11    Str: 20    XL:     5   Next: 5%
Magic:  5/5        EV:  9    Int: 13    God:
Gold:   212        SH:  5    Dex: 15    Spells: 4/4 levels left

rFire   . . .      SeeInvis .    a - +0 war axe
rCold   . . .      Faith    .    c - +0 buckler
rNeg    + . .      Spirit   .    b - +0 scale mail
rPois   ∞          Reflect  .    (no helmet)
rElec   +          Harm     .    (no cloak)
rCorr   .          Rampage  .    (no gloves)
Will    +....                    (no boots) Stlth
                                 (no amulet)
HPRegen 0.25/turn                p - ring of Gutarat {rElec Will+ Int+5 Dex+4}
MPRegen 0.09/turn                (no ring)

@: flying
A: sickness immunity, AC +4, negative energy resistance 1, electricity
resistance, torment resistance 1, petrification resistance
a: no special abilities


You were on level 4 of the Dungeon.
You visited 1 branch of the dungeon, and saw 4 of its levels.

You collected 212 gold pieces.

Inventory:

Hand Weapons
 a - a +0 war axe (weapon)
 m - a +0 flail
Armour
 b - a +0 scale mail (worn)
 c - a +0 buckler (worn)
Jewellery
 p - the ring of Gutarat (left hand) {rElec Will+ Int+5 Dex+4}
   (You found it on level 2 of the Dungeon)

   [ring of willpower]

   Int:       It affects your intelligence (+5).
   Dex:       It affects your dexterity (+4).
   rElec:     It insulates you from electricity.
   Will:      It increases your willpower.
Scrolls
 e - a scroll of magic mapping {unknown}
 g - a scroll of acquirement {unknown}
 j - 2 scrolls of noise {unknown}
 k - 2 scrolls of blinking {unknown}
 l - a scroll of butterflies {unknown}
 n - 2 scrolls of teleportation {unknown}
 o - a scroll of poison {unknown}
 q - 3 scrolls of immolation {unknown}
 r - a scroll of brand weapon {unknown}
 s - a scroll of enchant weapon {unknown}
Potions
 d - 2 potions of might
 f - 3 potions of cancellation
 h - a potion of heal wounds {unknown}
 i - a potion of flight


   Skills:
 + Level 3.9 Fighting
 + Level 3.4 Axes
 + Level 3.9 Armour
 + Level 3.9 Shields


You had 4 spell levels left.
You didn't know any spells.
Your spell library contained the following spells:

 Spells                   Type           Power      Damage    Failure   Level
 Poisonous Vapours        Pois/Air       0%         N/A       86%         2
 Mephitic Cloud           Conj/Pois/Air  0%         N/A       98%         3
 Cigotuvi's Dreadful Rot  Necr/Pois/Air  Unusable   N/A       N/A         2

Dungeon Overview and Level Annotations

Branches:
Dungeon (4/15)
 Temple: D:4-7

Altars:
Xom
The Shining One

Annotations:
D:4 Sigmund


Innate Abilities, Weirdness & Mutations

You are immune to sickness and miasma.
Your stone body is resilient. (AC +4)
You are immune to poison.
You resist negative energy. (rN+)
You are resistant to electric shocks. (rElec)
You are resistant to unholy torment.
You are immune to petrification.


Message History

Sigmund points at you and mumbles some strange words.
You resist with almost no effort.
You hit Sigmund.
Sigmund is moderately wounded.
You closely miss the giant cockroach. The giant cockroach bites you.
Sigmund zaps a wand.
The bolt of light misses you.
The bolt of light hits the giant cockroach!
The giant cockroach dies!
You hit Sigmund but do no damage.
Sigmund is moderately wounded.
Sigmund zaps a wand.
The bolt of light hits you! Sigmund barely misses you.
You hit Sigmund.
Sigmund is moderately wounded.
Sigmund hits you with a +0 scythe.
You barely miss Sigmund.
Sigmund is moderately wounded.
You hit Sigmund but do no damage.
Sigmund is moderately wounded.
You block Sigmund's attack.
You barely miss Sigmund.
Sigmund is moderately wounded.
Sigmund zaps a wand.
The bolt of light hits you!
* * * LOW HITPOINT WARNING * * *
The now-empty wand crumbles to dust.
Sigmund hits you with a +0 scythe.
* * * LOW HITPOINT WARNING * * *
You are too injured to fight recklessly!
You are too injured to fight recklessly!
You are too injured to fight recklessly!
You are too injured to fight recklessly!
You are too injured to fight recklessly!
You are too injured to fight recklessly!
You are too injured to fight recklessly!
You are too injured to fight recklessly!
You are too injured to fight recklessly!
Unknown command.
It was a potion of cancellation.
You feel magically purged.
It was a potion of flight.
You feel very buoyant.
You fly up into the air.
Sigmund hits you with a +0 scythe.
You die...

.. .. #. ##.##
#...#####
#.......# ###
###....##@#.....
.#....<..@...#
#........†#.#.#
###.#.##..#.# #
#.....#.#
#.......#
#.........
#.######### #+


You could see Sigmund.

Vanquished Creatures
  An orc priest (D:3)
  An adder (D:3)
  A worm (D:2)
  3 dart slugs
  4 orcs (D:3)
  2 endoplasms
  3 giant cockroaches
  6 goblins
  7 hobgoblins
  4 jackals (D:1)
  3 quokkas
  9 ball pythons
  7 bats
  2 frilled lizards (D:1)
  6 kobolds
  3 rats
62 creatures vanquished.

Vanquished Creatures (others)
  A giant cockroach (D:4)
1 creature vanquished.

Grand Total: 63 creatures vanquished

Notes
Turn   | Place    | Note
-------+----------+-------------------------------------------
     0 | D:1      | bande the Gargoyle Fighter began the quest for the Orb.
     0 | D:1      | Reached XP level 1. HP: 14/14 MP: 1/1
   224 | D:1      | Reached XP level 2. HP: 13/19 MP: 2/2
   546 | D:1      | Reached XP level 3. HP: 23/23 MP: 3/3
   911 | D:2      | Identified the ring of Gutarat {rElec Will+ Int+5 Dex+4}
  1456 | D:3      | Identified the +1 pair of gloves of Kikubaaqudgha's Hope
                  | {rElec}
  1520 | D:3      | Found a shimmering altar of Xom.
  1674 | D:3      | Reached XP level 4. HP: 29/29 MP: 4/4
  1973 | D:3      | Reached XP level 5. HP: 33/33 MP: 5/5
  2095 | D:3      | Found a glowing golden altar of the Shining One.
  2438 | D:4      | Noticed Sigmund
  2449 | D:4      | Slain by Sigmund

Illustrated notes

Levels and vault maps discovered:
D:1:      lightli_arrival_flooded_house, layout_basic
D:2:      layout_basic
D:3:      layout_basic, lemuel_round_altar, mainiacjoe_overflow_six_doors_small,
          kennysheep_generic_room_14
D:4:      layout_loops_cross, ashenzari_conservatory_becter,
          kennysheep_little_box, gammafunk_temple_overflow_pools, serial_shops,
          kennysheep_mini_moat, uniq_menkaure, uniq_sigmund

Skill      XL: |  1  2  3  4 |
---------------+-------------+-----
Axes           | 2 3 |  3.4
Fighting       | |  3.9
Armour         | |  3.9
Shields        | |  3.9

Action                   |  1- 3 |  4- 6 || total
-------------------------+-------+-------++-------
Melee: War axe           |   140 |    37 ||   177
  Use: Potion            |       |     2 ||     2
Armor: Scale mail        |    94 |     9 ||   103
Dodge: Dodged            |    91 |    15 ||   106
Block: Buckler           |    44 |    10 ||    54

Table legend: (Time is in decaauts)
 A = Elapsed time spent in this place.
 B = Non-inter-level travel time spent in this place.
 C = Inter-level travel time spent in this place.
 D = Time resting spent in this place.
 E = Time spent auto-exploring this place.
 F = Levels seen in this place.
 G = Mean time per level.
                   A        B        C        D        E       F      G
               +--------+--------+--------+--------+--------+-----+--------+
         Total |   2522 |   2421 |    101 |      0 |   1944 |   4 |  630.5 |
       Dungeon |   2522 |   2421 |    101 |      0 |   1944 |   4 |  630.5 |
               +--------+--------+--------+--------+--------+-----+--------+

Top non-repeatable levels by time:
     D:3: 1046 daAuts
     D:1: 754 daAuts
     D:2: 706 daAuts
     D:4: 15 daAuts
